Map: Automaton LE

Players

IIIIIIIIIIII

  • Race: Protoss Protoss
  • League: Master
  • Spawn Location: 3:00

ZipperTheFly - Winner!

  • Race: Terran Terran
  • League: Grandmaster
  • Spawn Location: 9:00

VOD

Have the link to the VOD?

Description

Time

  • Played on: Dec. 24, 2018, 5:42 p.m.
  • Length: 13:19
Show
View Real Time Build Order
Export as new Build Order

IIIIIIIIIIII Protoss 

Build Orders: 1 Gate Expand, Blink Stalkers 

Get SALT Encoding   

  12  0:00  Probe  
  13  0:12  Probe  
  14  0:18  Pylon  
  14  0:24  Probe  
  15  0:32  Probe  
  15  0:37  Gateway  
  15  0:40  Probe  
  16  0:46  Assimilator  
  17  0:51  Probe  
  18  1:03  Probe  
  19  1:15  Probe  
  20  1:25  Nexus  
  20  1:34  Cybernetics Core  
  20  1:38  Probe  
  21  1:44  Assimilator  
  21  1:50  Probe  
  22  1:55  Pylon  
  22  2:02  Probe  
  22  2:03  Stalker  
  23  2:10  Probe  
  23  2:14  Warp Gate  
  26  2:18  Probe  
  27  2:29  Probe  
  27  2:33  Stalker  
  30  2:37  Twilight Council  
  30  2:41  Probe  
  30  2:42  Probe  
  32  2:50  Probe  
  32  2:54  Probe  
  34  3:03  Probe, Stalker  
  34  3:04  Probe  
  38  3:15  Probe x2  
  39  3:20  Blink  
  39  3:27  Probe, Pylon  
  39  3:28  Probe  
  39  3:33  Stalker  
  43  3:42  Probe, Gateway  
  43  3:44  Probe  
  45  3:50  Probe  
  46  3:56  Probe, Robotics Facility  
  46  3:59  Probe  
  46  4:01  Assimilator  
  48  4:03  Assimilator  
  48  4:08  Probe  
  48  4:09  Pylon, Probe  
  49  4:16  Stalker  
  52  4:17  Probe  
  52  4:20  Probe  
  54  4:26  Probe  
  54  4:28  Shield Battery  
  55  4:32  Probe  
  55  4:33  Shield Battery  
  55  4:36  Observer, Stalker  
  55  4:37  Probe  
  59  4:42  Pylon  
  59  4:44  Probe  
  58  5:18  Probe x2  
  58  5:19  Observer  
  52  5:24  Robotics Bay  
  53  5:30  Probe x2  
  53  5:34  Charge  
  55  5:39  Immortal  
  55  5:42  Probe x2  
  61  5:49  Stalker x2  
  65  5:55  Gateway x2  
  65  6:02  Gateway x2  
  65  6:05  Pylon  
  65  6:06  Colossus  
  65  6:12  Observer  
  65  6:13  Sentry x2  
  69  6:23  Pylon  
  75  6:31  Extended Thermal Lance  
  75  6:48  Sentry x2  
  75  6:49  Zealot x2  
  75  6:52  Pylon  
  83  6:57  Colossus  
  83  7:21  Sentry x2, Zealot x2  
  83  7:22  Stalker  
  93  7:26  Pylon  
  93  7:27  Pylon  
  93  7:28  Pylon  
  93  7:30  Pylon  
  93  7:40  Colossus  
  93  7:42  Observer  
  93  7:48  Sentry  
  93  7:49  Zealot  
  93  7:50  Stalker x2  
  93  7:51  Stalker  
  103  7:55  Zealot  
  111  8:01  Pylon  
  111  8:21  Warp Prism  
  111  8:22  Pylon  
  111  8:23  Stalker x4  
  111  8:24  Stalker  
  121  8:27  Zealot  
  125  8:46  Stalker x2  
  125  8:47  Stalker x2  
  116  9:27  Stalker  
  116  9:28  Colossus, Stalker x5  
  102  10:05  Colossus  
  64  10:26  Stalker  
  64  10:27  Zealot x5  
  78  10:50  Colossus, Zealot x6  
  83  11:17  Zealot  
  83  11:18  Stalker x2  
  83  11:19  Stalker x2  
  75  11:30  Colossus  
  61  11:50  Stalker x4  
  69  11:58  Stalker x2  
  73  12:13  Sentry x2, Stalker  
  73  12:14  Stalker  
  81  12:22  Sentry  
  81  12:23  Sentry  
Show
View Real Time Build Order
Export as new Build Order

ZipperTheFly Terran - Winner!

Build Orders: Reaper Expand 

Get SALT Encoding   

  12  0:01  SCV  
  13  0:13  SCV  
  14  0:18  Supply Depot  
  14  0:25  SCV  
  15  0:39  SCV  
  15  0:42  Barracks  
  16  0:46  Refinery  
  16  0:51  SCV  
  17  1:03  SCV  
  18  1:15  SCV  
  19  1:29  Reaper, Orbital Command  
  20  1:42  Command Center  
  20  1:51  Supply Depot  
  20  1:54  SCV  
  20  2:01  Marine  
  21  2:06  SCV  
  23  2:10  Factory  
  23  2:16  Refinery  
  23  2:19  SCV  
  23  2:20  Marine  
  25  2:32  SCV  
  27  2:44  SCV  
  27  2:49  Barracks Reactor  
  27  2:54  Orbital Command  
  27  2:56  SCV, Starport  
  27  2:57  Widow Mine  
  30  3:03  Bunker  
  30  3:08  SCV  
  32  3:20  SCV, Widow Mine  
  32  3:21  SCV  
  32  3:25  Marine x2  
  36  3:29  Supply Depot  
  36  3:32  SCV  
  36  3:33  SCV  
  38  3:35  Medivac  
  40  3:42  Widow Mine, Marine  
  40  3:43  Marine  
  40  3:44  SCV  
  40  3:45  SCV  
  46  3:51  Barracks  
  46  3:57  SCV x2, Barracks  
  48  4:03  Engineering Bay  
  48  4:05  Starport Tech Lab, Factory Tech Lab  
  48  4:09  SCV  
  49  4:10  SCV  
  49  4:15  Supply Depot  
  50  4:18  Marine  
  50  4:19  Marine  
  50  4:21  SCV  
  50  4:22  SCV  
  54  4:24  Refinery  
  54  4:34  Terran Infantry Weapons Level 1  
  54  4:35  Factory Reactor  
  54  4:36  SCV  
  54  4:37  Starport Reactor  
  54  4:38  SCV, Supply Depot  
  56  4:40  Marine x2  
  56  4:54  SCV  
  56  4:56  SCV  
  56  4:59  Stimpack  
  56  5:04  Combat Shield  
  56  5:05  Marine x2  
  56  5:06  SCV, Marauder x2  
  61  5:08  SCV  
  61  5:10  Refinery, Supply Depot  
  62  5:17  Widow Mine x2  
  62  5:18  SCV  
  65  5:21  Supply Depot  
  67  5:28  Marauder, Marine  
  67  5:29  Marauder  
  67  5:31  Marine  
  67  5:32  SCV x2  
  73  5:35  Medivac x2  
  73  5:39  Supply Depot  
  77  5:43  Widow Mine x2  
  77  5:46  Marine  
  77  5:49  Marine  
  85  5:50  Marauder  
  85  6:01  Marauder  
  87  6:05  Widow Mine  
  87  6:06  Widow Mine, Supply Depot x2  
  87  6:08  Marine x2  
  93  6:17  Command Center  
  93  6:27  Marauder x2, Medivac x2  
  93  6:30  Supply Depot  
  93  6:31  Supply Depot  
  101  6:33  Terran Infantry Armor Level 1  
  101  6:36  Marine x2  
  103  6:45  SCV  
  104  6:47  Barracks  
  104  6:48  Barracks  
  104  6:50  Marauder x2  
  108  6:58  Concussive Shells  
  108  6:59  SCV  
  109  7:04  SCV  
  103  7:10  Marine x2  
  103  7:11  Widow Mine x2  
  103  7:13  SCV  
  103  7:15  Marauder x2  
  105  7:16  Starport  
  105  7:17  SCV  
  104  7:25  SCV  
  104  7:26  Viking  
  104  7:29  Orbital Command  
  107  7:30  SCV  
  107  7:37  Barracks Tech Lab, Barracks Reactor  
  108  7:38  SCV  
  108  7:43  SCV  
  110  7:44  Refinery  
  110  7:48  Factory Reactor  
  110  7:50  SCV, Marine x2  
  113  7:55  SCV, Armory  
  114  7:59  Engineering Bay  
  114  8:00  SCV  
  114  8:03  SCV  
  114  8:05  Viking x2  
  120  8:07  SCV  
  120  8:10  Missile Turret  
  121  8:12  Marine  
  121  8:13  Marine  
  121  8:14  Viking x2  
  121  8:15  SCV x2  
  129  8:22  Refinery, Supply Depot  
  129  8:27  SCV  
  129  8:28  SCV  
  129  8:29  SCV  
  132  8:35  Viking x2  
  132  8:37  Marauder  
  132  8:39  Marauder  
  140  8:44  Marauder, Viking x2  
  140  8:45  Marine x3  
  149  8:55  Supply Depot x2  
  149  8:58  Supply Depot, Marine  
  148  9:03  Terran Infantry Weapons Level 2, Terran Infantry Armor Level 2  
  142  9:12  Marauder x3  
  142  9:15  Viking  
  149  9:17  Viking  
  149  9:19  Viking  
  149  9:21  Viking  
  149  9:22  SCV  
  154  9:34  Marine x4  
  154  9:35  Marauder x3  
  163  9:52  Marine x2  
  146  9:54  Marine  
  146  9:56  Marauder x3, Marine  
  117  10:06  Medivac x2  
  103  10:09  Marine  
  103  10:10  Marine  
  103  10:12  Marine  
  104  10:14  Marine  
  104  10:17  SCV, Marauder x2  
  104  10:18  SCV x2, Marauder  
  112  10:25  Widow Mine  
  112  10:27  Marine x2  
  116  10:29  SCV  
  116  10:30  SCV x2  
  119  10:39  Marauder x2  
  119  10:40  Marauder, Marine x2  
  119  10:42  SCV x2  
  127  10:46  SCV  
  127  10:49  Medivac  
  128  10:50  Ghost Academy  
  128  10:51  Medivac x2  
  128  10:52  Marine x2  
  128  10:54  SCV  
  135  11:04  Marine  
  124  11:13  Marine x3  
  124  11:15  Widow Mine x2  
  114  11:25  Marine  
  114  11:26  Marauder x2, Marine  
  114  11:27  SCV  
  114  11:28  SCV  
  114  11:29  SCV  
  114  11:31  Marine  
  120  11:33  Liberator, Command Center  
  120  11:34  Liberator x2  
  120  11:35  Liberator  
  120  11:39  SCV  
  112  11:44  Marauder  
  112  11:48  Marauder x2, Marine x3  
  112  11:49  Widow Mine x2  
  130  12:06  Marauder  
  130  12:08  Ghost, Marine  
  133  12:09  Marauder  
  133  12:12  Marine x3  
  139  12:26  Ghost  
  139  12:29  Ghost  
  135  12:31  Marine  
  128  12:38  Marauder  
  128  12:39  Marine  
  128  12:41  Marine x2  
  126  12:48  Orbital Command  
  123  12:53  Marine  
  123  12:55  Marauder  
  123  12:57  Marine  
  118  12:59  Marine x2  
Tags
 
Add a new tag
Caveats
  • Supply blocks, unpowered buildings, or Contaminate may cause inaccurate times.
  • Supply counts are checked every 10 seconds.